 Dungeon Crawl Stone Soup version 0.28.0 (webtiles) character file.

Game seed: 17199370165382592155

742 Zeld the Magician (level 7, 0/36 HPs)
             Began as a Deep Elf Fire Elementalist on Feb 17, 2022.
             Slain by a wyvern (7 damage)
             ... on level 5 of the Dungeon.
             The game lasted 00:04:26 (6982 turns).

Zeld the Magician (Deep Elf Fire Elementalist)      Turns: 6982, Time: 00:04:27

Health: 0/36       AC:  4    Str:  5    XL:     7   Next: 47%
Magic:  18/19      EV: 13    Int: 22    God:
Gold:   286        SH:  0    Dex: 15    Spells: 9/19 levels left

rFire   . . .      SeeInvis .   (no weapon)
rCold   . . .      Faith    .   (no shield)
rNeg    . . .      Spirit   .   a - +0 robe
rPois   .          Reflect  .   m - +0 helmet
rElec   .          Harm     .   (no cloak)
rCorr   .          Rampage  .   (no gloves)
Will    .....                   f - +0 pair of boots
Stlth   +++.......              (no amulet)
HPRegen 0.12/turn               (no ring)
MPRegen 0.16/turn               (no ring)

@: no status effects
A: no striking features
a: no special abilities


You were on level 5 of the Dungeon.
You visited 1 branch of the dungeon, and saw 5 of its levels.
You also visited: Sewer.

You collected 286 gold pieces.

Inventory:

Armour
 a - a +0 robe (worn)
 f - a +0 pair of boots (worn)
 m - a +0 helmet (worn)
Jewellery
 g - a ring of resist corrosion
Wands
 s - a wand of polymorph (7)
Scrolls
 b - 5 scrolls of identify {unknown}
 c - 4 scrolls of noise {unknown}
 h - a scroll of amnesia {unknown}
 j - a scroll of teleportation {unknown}
 k - a scroll of enchant armour {unknown}
 p - 2 scrolls of blinking
Potions
 d - 2 potions of attraction {unknown}
 e - 2 potions of curing {unknown}
 i - a potion of lignification {unknown}
 l - a potion of heal wounds {unknown}
 n - 2 potions of flight {unknown}
 o - a potion of berserk rage {unknown}
 q - 2 potions of degeneration {unknown}
 r - a potion of haste {unknown}
 t - 2 potions of brilliance {unknown}


   Skills:
 - Level 4.0 Dodging
 + Level 4.7 Stealth
 * Level 6.8 Spellcasting
 + Level 3.2 Conjurations
 * Level 6.0 Fire Magic


You had 9 spell levels left.
You knew the following spells:

 Your Spells              Type           Power      Damage    Failure   Level
a - Foxfire               Conj/Fire      100%       2x1d9     1%          1
b - Scorch                Fire           66%        2d8       1%          2
c - Inner Flame           Hex/Fire       20%        N/A       8%          3
d - Flame Wave            Conj/Fire      27%        2d7       12%         4

Your spell library contained the following spells:

 Spells                   Type           Power      Damage    Failure   Level
 Conjure Flame            Conj/Fire      27%        6-21      3%          3
 Ensorcelled Hibernation  Hex/Ice        14%        N/A       13%         2
 Passwall                 Tmut/Erth      5%         N/A       13%         2
 Gell's Gravitas          Tloc           7%         N/A       26%         3
 Ozocubu's Armour         Ice            7%         N/A       26%         3
 Swiftness                Air            7%         N/A       26%         3
 Teleport Other           Tloc           7%         N/A       26%         3
 Dispersal                Tloc           3%         N/A       100%        6
 Ozocubu's Refrigeration  Ice            3%         4d5       100%        7


Dungeon Overview and Level Annotations

Branches:
Dungeon (5/15)              Sewer (visited)
 Temple: D:4-7

Altars:
Xom

Shops:
D:4 :


Message History

You start waiting.
Done waiting.
You climb downwards.
There is a stone staircase leading up here.
Found 5 bolts.
Found an escape hatch in the floor.
Found a stone staircase leading down.
You now have 286 gold pieces (gained 11).
Found a whip.
An ogre comes into view. It is wielding a +0 giant club.
Found a stone staircase leading up.
The ogre shouts!
You hear a shout!
Casting: Scorch (safe; 1% risk of failure)
Confirm with . or Enter, or press ? or * to list all spells.
Flames lash the ogre.
The ogre is moderately wounded.
The ogre's fire resistance burns away.
You hear a shout!
Casting: Scorch (safe; 1% risk of failure)
Confirm with . or Enter, or press ? or * to list all spells.
Flames lash the ogre.
The ogre is burned terribly!
The ogre is almost dead.
You hear an angry hiss.
The ogre hits you with a +0 giant club!!
Ouch! That really hurt!
* * * LOW HITPOINT WARNING * * *
A wyvern comes into view.
Unknown command.
A gnoll comes into view. It is wielding a +0 spear.
The wyvern hisses menacingly.
The ogre is no longer more vulnerable to fire.
The wyvern completely misses you.
There is a stone staircase leading up here.
Aiming: Polymorph
Press: ? - help, Shift-Dir - straight line, f - wyvern
Aim: a wyvern (will become a fire bat, an acid dragon, or a hornet, chance to affect: 49%)
The wyvern resists with some effort.
The wyvern barely misses you. The wyvern bites you.
* * * LOW HITPOINT WARNING * * *
The wyvern bites you!
You die...

.......# ##............
........##...##..>......
........(..#............
..........##............
.........##............#
^........##............#
.....>....#.#........##
.......#...##.......#
.....###...####@....#
..... #....#..l...###
#... #...#..<.O..##
#.#..........##.##
###..........####
#.........## ####...#.##
#######


You could see a wyvern and an ogre.

Vanquished Creatures
  An ogre (D:4)
  A phantom (D:4)
  2 bullfrogs (Sewer)
  A scorpion (D:4)
  2 orc priests (D:3)
  A jelly (D:4)
  2 hounds
  A hound skeleton (D:4)
  Robin (D:3)
  8 adders
  An ufetubus (D:4)
  5 dart slugs
  A worm (D:4)
  8 orcs
  5 bats
  5 endoplasms
  12 giant cockroaches
  15 goblins
  17 hobgoblins
  7 quokkas
  13 ball pythons
  10 frilled lizards
  4 kobolds
  13 rats
136 creatures vanquished.

Vanquished Creatures (others)
  421 foxfires
421 creatures vanquished.

Grand Total: 557 creatures vanquished

Notes
Turn   | Place    | Note
-------+----------+-------------------------------------------
     0 | D:1      | Zeld the Deep Elf Fire Elementalist began the quest for the
                  | Orb.
     0 | D:1      | Reached XP level 1. HP: 10/10 MP: 6/6
   403 | D:1      | Reached XP level 2. HP: 15/15 MP: 4/8
   464 | D:1      | Found a faded altar of an unknown god.
   517 | D:1      | You fall into a shaft and drop 1 floor!
   700 | D:2      | Learned a level 2 spell: Scorch
  1777 | D:2      | Reached XP level 3. HP: 19/19 MP: 7/10
  1781 | D:2      | Learned a level 3 spell: Inner Flame
  2160 | D:2      | Found a shimmering altar of Xom.
  2999 | D:3      | Reached XP level 4. HP: 24/24 MP: 6/12
  3004 | D:3      | Learned a level 4 spell: Flame Wave
  3138 | D:3      | Noticed Robin
  3146 | D:3      | Killed Robin
  3460 | D:3      | Reached XP level 5. HP: 28/28 MP: 11/14
  3608 | D:3      | Reached skill level 5 in Spellcasting
  4567 | D:4      | Found a glowing drain.
  4571 | Sewer    | Entered a sewer
  4841 | Sewer    | Reached XP level 6. HP: 32/32 MP: 13/16
  5090 | Sewer    | Reached skill level 5 in Fire Magic
  5753 | D:4      | Found Alyzun's Book Shoppe.
  6149 | D:4      | Reached XP level 7. HP: 36/36 MP: 9/18
  6705 | D:5      | Entered Level 5 of the Dungeon
  6964 | D:5      | Noticed a wyvern
  6982 | D:5      | Slain by a wyvern

Illustrated notes

Levels and vault maps discovered:
D:1:      dpeg_arrival_prison, layout_basic, basic_ecumenical_altar,
          minivault_14
D:2:      layout_basic, basic_altar, chequers_serial_rivers_room_a
D:3:      layout_basic, chequers_serial_rivers_micro_b, minmay_vboxes,
          uniq_robin
D:4:      minmay_bubble_buster, layout_basic, gup_sewer_entry_spiral,
          serial_shops, shop
D:5:      layout_cave_pools, minmay_temple_entry_statues_pillars

Skill      XL: |  1  2  3  4  5  6  7 |
---------------+----------------------+-----
Spellcasting   | 4 5 6 |  6.8
Stealth        | 3 4 |  4.7
Dodging        | 3 4 |  4.0
Fire Magic     | 4 5 6 |  6.0
Conjurations   | 2 3 |  3.2

Action                   |  1- 3 |  4- 6 |  7- 9 || total
-------------------------+-------+-------+-------++-------
Melee: Unarmed           |     1 |    11 |       ||    12
 Cast: Foxfire           |   112 |   131 |     2 ||   245
       Scorch            |     6 |    29 |    23 ||    58
Evoke: Wand              |       |       |     1 ||     1
Armor: Robe              |     6 |     5 |     1 ||    12
Dodge: Dodged            |    12 |    13 |     7 ||    32
